 Dungeon Crawl Stone Soup version 0.21-a0-213-gae198ad (webtiles) character file.

67 Nvm9 the Covered (level 4, 0/35 HPs)
             Began as a Demonspawn Fighter on Aug 22, 2017.
             Succumbed to an adder's poison
             ... on level 2 of the Dungeon.
             The game lasted 00:01:18 (943 turns).

Nvm9 the Covered (Demonspawn Fighter)                Turns: 943, Time: 00:01:19

Health: 0/35       AC:  6    Str: 16 (17) XL:     4   Next: 0%
Magic:  4/4        EV:  6    Int:  7 (9)  God:
Gold:   47         SH:  8    Dex: 11 (13) Spells: 3/3 levels left

rFire    + . .     SeeInvis .   a - +0 long sword
rCold    + . .     Gourm    .   c - +0 shield
rNeg     . . .     Faith    .   b - +0 scale mail
rPois    .         Spirit   .   (helmet restricted)
rElec    .         Reflect  .   e - scarf {rC+ rF+}
rCorr    .         Harm     .   (no gloves)
MR       .....                  (no boots)
Stlth    ..........             (no amulet)
HPRegen  0.11/turn              (no ring)
MPRegen  0.09/turn              (no ring)

@: lethally poisoned (0 -> -3)
A: antennae 1, rot immunity
a: no special abilities


You were on level 2 of the Dungeon.
You were not hungry.

You visited 1 branch of the dungeon, and saw 2 of its levels.

You collected 47 gold pieces.

Inventory:

Hand Weapons
 a - a +0 long sword (weapon)
Armour
 b - a +0 scale mail (worn)
 c - a +0 shield (worn)
 e - a scarf of resistance (worn)
 h - a +0 helmet
Scrolls
 g - a scroll of immolation {unknown}
 i - a scroll of recharging {unknown}
 k - a scroll of enchant armour {unknown}
 m - 2 scrolls of remove curse {unknown}
 n - a scroll of random uselessness {unknown}
 o - a scroll of teleportation {unknown}
 q - 2 scrolls of identify {unknown}
Potions
 l - a potion of heal wounds {unknown}
 p - 2 potions of brilliance {unknown}
Comestibles
 f - a bread ration
 j - 4 fruits


   Skills:
 + Level 3.4 Fighting
 + Level 2.2 Long Blades
 * Level 3.6 Armour
 + Level 3.0 Shields


You had 3 spell levels left.
You didn't know any spells.

Dungeon Overview and Level Annotations

Branches:
Dungeon (2/15)

Altars:


Innate Abilities, Weirdness & Mutations

You have a pair of small antennae on your head.
You are immune to rotting.


Message History

You have reached level 4!
You feel agile.
Your demonic ancestry asserts itself...
A pair of antennae grows on your head!
Your +0 helmet falls away!
You feel sick. You block the worm's attack.
You hit the worm.
The worm is lightly wounded.
You feel sick. The worm bites you!
* * * LOW HITPOINT WARNING * * *
You hit the worm.
The worm is lightly wounded.
The worm barely misses you.
* * * LOW HITPOINT WARNING * * *
You feel sick.
It was a potion of degeneration.
There was something very wrong with that liquid.
You feel weakened.
You feel dopey.
You feel clumsy.
* * * LOW HITPOINT WARNING * * *
You feel sick.
You die...

.. ### #. #.. #.## ###..
#..# #.... #.# #.##.
##w##### #.#.. #..!...#
###.#.#
#####......#######...#.#
........@................
######......##.####.###.#
#......##..........#
#......##..##.......
####..###..#........ ##.#
#..#........ #..
#..###..<...
##.##..###......
..........


You could see a worm.

Vanquished Creatures
  Terence (D:1)
  2 adders
  2 leopard geckos (D:1)
  2 giant cockroaches
  A goblin (D:1)
  3 hobgoblins (D:1)
  2 bats (D:1)
  7 frilled lizards (D:1)
  3 kobolds
  3 rats (D:1)
26 creatures vanquished.

Notes
Turn   | Place    | Note
-------+----------+-------------------------------------------
     0 | D:1      | Nvm9 the Demonspawn Fighter began the quest for the Orb.
     0 | D:1      | Reached XP level 1. HP: 18/18 MP: 1/1
   181 | D:1      | Gained mutation: You are immune to rotting. [demonic ancestry]
   181 | D:1      | Reached XP level 2. HP: 23/24 MP: 2/2
   396 | D:2      | Noticed Terence
   668 | D:1      | Reached XP level 3. HP: 19/29 MP: 3/3
   674 | D:1      | Killed Terence
   935 | D:2      | Gained mutation: You have a pair of small antennae on your head. [demonic ancestry]
   935 | D:2      | Reached XP level 4. HP: 12/35 MP: 4/4
   941 | D:2      | HP: 1/35 [poisoned by an adder]
   943 | D:2      | Succumbed to an adder's poison

Vault maps used:
D:1:      nzn_arrival_crosshair
D:2:      uniq_terence

Skill      XL: |  1  2  3 |
---------------+----------+-----
Armour         | 3 |  3.6
Long Blades    | 2 |  2.2
Shields        | 3 |  3.0
Fighting       | |  3.4

Action                   |  1- 3 |  4- 6 || total
-------------------------+-------+-------++-------
Melee: Long sword        |    77 |     2 ||    79
  Use: Potion            |     1 |     1 ||     2
Armor: Scale mail        |    40 |       ||    40
Dodge: Dodged            |    36 |     1 ||    37
Block: Shield            |    55 |     1 ||    56
       Rpst.: Long sword |    15 |       ||    15

Table legend:
 A = Spawn XP
 B = Non-spawn XP
 C = Spawn XP percentage of total XP
 D = Spawn monster count
 E = Non-spawn monster count
 F = Spawn count percentage of total count
 G = Total turns spent on level
                    A         B        C        D         E        F      G
               +---------+---------+-------+---------+---------+-------+---------
         Total |       1 |      96 |   1.0 |       1 |      25 |   3.8 |   943
               +---------+---------+-------+---------+---------+-------+---------
           D:1 |       1 |      79 |   1.2 |       1 |      22 |   4.3 |   837
           D:2 |       0 |      17 |   0.0 |       0 |       3 |   0.0 |   106
               +---------+---------+-------+---------+---------+-------+---------
